 Dungeon Crawl Stone Soup version 0.24-a0-549-g45f0056d81 (webtiles) character file.

Game seed: 8784715155606991066

11739 Kisielow the Basher (level 11, -3/68 HPs)
             Began as a Gargoyle Fighter on Aug 20, 2019.
             Was a Priest of Qazlal.
             Slain by an ice devil (16 damage)
             ... on level 1 of the Lair of Beasts.
             The game lasted 00:30:36 (11400 turns).

Kisielow the Basher (Gargoyle Fighter)             Turns: 11400, Time: 00:30:36

Health: -3/68      AC: 25    Str: 24    XL:     11   Next: 82%
Magic:  17/17      EV:  5    Int:  8    God:    Qazlal [***...]
Gold:   719        SH: 19    Dex: 12    Spells: 10/10 levels left

rFire    + . .     SeeInvis .   J - +1 flail "Duuxteaf" {crush, Dex+3} (curse)
rCold    x . .     Gourm    .   c - +1 shield
rNeg     + . .     Faith    .   o - +0 plate armour
rPois    ∞         Spirit   .   w - +0 helmet
rElec    +         Reflect  +   t - +0 cloak
rCorr    .         Harm     .   C - +0 pair of gloves
MR       .....                  (no boots)
Stlth    ..........             p - +2 amulet of reflection
HPRegen  0.21/turn              B - ring of fire
MPRegen  0.15/turn              s - ring of stealth

@: no status effects
A: negative energy resistance 1, electricity resistance, unbreathing,
petrification resistance, rot immunity, AC +8
a: Upheaval, Elemental Force, Renounce Religion


You were on level 1 of the Lair of Beasts.
You worshipped Qazlal.
Qazlal was most pleased with you.
You were hungry.

You visited 3 branches of the dungeon, and saw 13 of its levels.

You collected 719 gold pieces.

Inventory:

Hand Weapons
 r - a +0 flail of crushing
 z - a +0 morningstar of draining
 I - the +3 war axe of Fear {speed, +Rage MR+}
   (You found it on level 10 of the Dungeon)

   Attacks with this weapon are significantly faster.
   It affects your resistance to hostile enchantments.
   It lets you go berserk.
 J - the cursed +1 flail "Duuxteaf" (weapon) {crush, Dex+3}
   (You found it on level 11 of the Dungeon)

   It inflicts extra damage upon your enemies.
   It affects your dexterity (+3).
   It has a curse placed upon it.
Armour
 c - a +1 shield (worn)
 o - a +0 plate armour (worn)
 t - a +0 cloak (worn)
 w - a +0 helmet (worn)
 x - the +1 scale mail of Defiance {rN++}
   (You found it on level 7 of the Dungeon)

   It greatly protects you from negative energy.
 C - a +0 pair of gloves (worn)
Jewellery
 p - a +2 amulet of reflection (around neck)
 s - a ring of stealth (right hand)
 B - a ring of fire (left hand)
 K - an uncursed amulet of magic regeneration {unknown}
Wands
 a - a wand of flame (21)
 h - a wand of iceblast (24)
 i - a wand of disintegration (15)
 l - a wand of polymorph (8)
 u - a wand of random effects (8)
 H - a wand of clouds (3)
Scrolls
 e - 14 scrolls of identify
 g - 5 scrolls of amnesia
 j - 4 scrolls of enchant armour
 n - 3 scrolls of remove curse
 v - 2 scrolls of teleportation
 y - a scroll of fear
 G - a scroll of blinking
Potions
 b - 3 potions of heal wounds
 d - 3 potions of flight
 k - a potion of haste
 m - a potion of resistance
 q - 2 potions of magic
 A - a potion of curing
 E - a potion of mutation
 F - a potion of brilliance {unknown}
Comestibles
 f - 25 rations


   Skills:
 + Level 7.7 Fighting
 + Level 10.2 Maces & Flails
 + Level 7.6 Armour
 + Level 7.6 Shields
 * Level 8.7 Invocations
 - Level 7.0 Evocations


You had 10 spell levels left.
You didn't know any spells.
Your spell library was empty.

Dungeon Overview and Level Annotations

Branches:
Dungeon (11/15)            Temple (1/1) D:7            Lair (1/6) D:11
    Orc: D:9-12

Altars:
Ashenzari
Cheibriados
Dithmenos
Elyvilon
Fedhas
Gozag
Hepliaklqana
Kikubaaqudgha
Makhleb
Nemelex Xobeh
Okawaru
Qazlal
Ru
Sif Muna
Trog
Uskayaw
Vehumet
Wu Jian
Xom
Yredelemnul
Zin
The Shining One

Shops:
D:5 ?   D:10 *

Portals:
Ice
Cave: Lair:1


Innate Abilities, Weirdness & Mutations

You are resistant to torment.
Your stone body is resilient. (AC +8)
You are immune to poison.
You resist negative energy. (rN+)
You are resistant to electric shocks. (rElec)
You can survive without breathing.
You are immune to petrification.
You are immune to rotting.


Message History

Found a fuming white potion.
As you open the door, it creaks loudly!
An ice devil comes into view.
s - a ring of stealth (right hand)
You block the ice devil's attack.
An ice devil comes into view.
Found a frozen archway.
There is an open door here.
You hit the ice devil but do no damage. The ice devil hits you.
The ice devil freezes you!
You feel a terrible chill!
You closely miss the ice devil.
The ice devil hits you but does no damage.
You closely miss the ice devil. The ice devil hits you.
The ice devil freezes you!!
You feel a terrible chill!
* * * LOW HITPOINT WARNING * * *
The ice devil hits you but does no damage.
You completely miss the ice devil. The ice devil hits you.
* * * LOW HITPOINT WARNING * * *
The ice devil freezes you!
You feel a terrible chill!
You die...

,,,* *...* *,,,,* ,,,* *#..*
*,,,,* ,,,* #..* **,,,,* ,,,*
#**##..* *,,,,,*
,,,***#.##...#### ****#***,,,,*
.,,,,,...!....P.###*,...***,,,,*
#***,**,,#......+.##....**,,,,,*
# ******#......#4.....∩**,,,,,*
# #..[.#.@4#*,,,,**,,,,,* #
#....#####*,,,,***,,,,* #
#....## ****** **,,,*
##########....P# **** *,,,*
..............## *,,* **,,,*
#.............# *,,*****,,,,*
##...##.##..#.# *,,,,,,,,,,,*
#...########.#* *,****,,*,,,*
*#...# #..* *,** ****,,,*


You could see 2 ice devils.

Vanquished Creatures
  A two-headed ogre (D:10)
  A black mamba (Lair:1)
  A gargoyle (D:10)
  A spiny frog (Lair:1)
  A kobold demonologist (D:10)
  2 trolls
  A merfolk (D:9)
  Grinder (D:4)
  2 hippogriffs
  Sigmund (D:2)
  A tarantella (D:11)
  12 yaks
  A basilisk (D:10)
  A hungry ghost (D:10)
  2 water moccasins (Lair:1)
  4 porcupines
  2 orc warriors
  A hornet zombie (D:8)
  A sky beast (D:5)
  3 black bears
  4 ice beasts
  9 ogres
  3 phantoms
  2 eyes of draining (D:10)
  3 crocodiles
  4 centaurs
  Blork the orc (D:4)
  3 bullfrogs
  5 scorpions
  A water moccasin skeleton (D:5)
  3 wights (D:10)
  7 killer bees
  An electric eel (D:7)
  3 howler monkeys (D:11)
  5 crimson imps
  3 hounds
  2 quasits (D:10)
  5 jellies
  5 orc priests
  A centaur skeleton (D:5)
  A bullfrog skeleton (D:6)
  Ijyb (D:4)
  Terence (D:2)
  3 iguanas
  10 orc wizards
  12 worker ants
  3 hound zombies
  3 hound skeletons
  2 howler monkey zombies
  10 gnolls
  12 adders
  2 oozes (D:2)
  An adder zombie (D:7)
  2 adder skeletons
  A worm (D:2)
  13 dart slugs
  7 leopard geckos
  25 orcs
  A ball python (D:8)
  5 giant cockroaches
  5 goblins
  7 hobgoblins
  14 jackals
  5 quokkas
  4 bats
  9 frilled lizards
  3 kobolds
  5 rats
277 creatures vanquished.

Vanquished Creatures (others)
  3 centaurs
  A dart slug (D:7)
  An orc (D:9)
  2 fungi
7 creatures vanquished.

Grand Total: 284 creatures vanquished

Notes
Turn   | Place    | Note
-------+----------+-------------------------------------------
     0 | D:1      | Kisielow the Gargoyle Fighter began the quest for the Orb.
     0 | D:1      | Reached XP level 1. HP: 14/14 MP: 1/1
   242 | D:1      | Reached XP level 2. HP: 18/19 MP: 2/2
   553 | D:1      | Reached skill level 3 in Maces & Flails
   706 | D:1      | Reached XP level 3. HP: 23/23 MP: 3/3
  1008 | D:2      | Noticed Sigmund
  1032 | D:2      | Killed Sigmund
  1032 | D:2      | Reached skill level 5 in Maces & Flails
  1032 | D:2      | Reached XP level 4. HP: 5/28 MP: 4/4
  1032 | D:2      | Reached XP level 5. HP: 5/32 MP: 5/5
  1661 | D:2      | Noticed Terence
  1673 | D:2      | Killed Terence
  1792 | D:2      | Reached XP level 6. HP: 34/37 MP: 6/6
  2515 | D:3      | Reached skill level 6 in Maces & Flails
  2797 | D:4      | Noticed Ijyb
  2810 | D:4      | Killed Ijyb
  2811 | D:4      | Noticed Grinder
  2816 | D:4      | Paralysed by Grinder for 5 turns
  2825 | D:4      | Paralysed by Grinder for 6 turns
  2834 | D:4      | Killed Grinder
  2834 | D:4      | Reached XP level 7. HP: 8/43 MP: 7/7
  3318 | D:4      | Found a shimmering altar of Xom.
  3372 | D:4      | Reached skill level 7 in Maces & Flails
  3573 | D:4      | Noticed Blork the orc
  3586 | D:4      | Killed Blork the orc
  3586 | D:4      | Reached XP level 8. HP: 45/48 MP: 8/8
  3993 | D:5      | Entered Level 5 of the Dungeon
  4075 | D:5      | Reached skill level 5 in Fighting
  4075 | D:5      | Reached skill level 5 in Shields
  4104 | D:5      | Reached skill level 5 in Armour
  4401 | D:5      | Reached skill level 8 in Maces & Flails
  4594 | D:5      | Found Searusk's Magic Scroll Boutique.
  4840 | D:5      | Found a radiant altar of Vehumet.
  5188 | D:6      | HP: 3/76 [ogre/+0 giant club (15)]
  5189 | D:6      | Reached XP level 9. HP: 3/55 MP: 9/9
  6191 | D:7      | Reached skill level 9 in Maces & Flails
  6274 | D:7      | Found a staircase to the Ecumenical Temple.
  6284 | Temple   | Entered the Ecumenical Temple
  6356 | Temple   | Became a worshipper of Qazlal Stormbringer
  6572 | D:7      | Got a crude scale mail
  6583 | D:7      | Identified the cursed +1 scale mail of Defiance {rN++} (You
                  | found it on level 7 of the Dungeon)
  6588 | D:7      | Identified a scroll of acquirement
  7070 | D:7      | Found a hide-covered altar of Uskayaw.
  7070 | D:7      | Noticed a +0 hand axe
  7070 | D:7      | Noticed a +0 hand axe
  7297 | D:8      | Found a hazy altar of Hepliaklqana.
  7433 | D:8      | Reached * piety under Qazlal
  7454 | D:8      | Reached XP level 10. HP: 61/63 MP: 10/10
  7470 | D:8      | Reached skill level 10 in Maces & Flails
  7486 | D:8      | Reached skill level 1 in Evocations
  7488 | D:8      | Reached skill level 1 in Invocations
  7761 | D:8      | Found a shadowy altar of Dithmenos.
  7930 | D:8      | Reached ** piety under Qazlal
  8084 | D:9      | Found an opulent altar of Gozag.
  8131 | D:9      | Found an ancient bone altar of Kikubaaqudgha.
  8819 | D:10     | Entered Level 10 of the Dungeon
  8936 | D:10     | Found a sparkling altar of Nemelex Xobeh.
  9161 | D:10     | Noticed a two-headed ogre
  9171 | D:10     | Killed a two-headed ogre
  9171 | D:10     | Reached skill level 5 in Evocations
  9527 | D:10     | Noticed a gargoyle
  9544 | D:10     | Killed a gargoyle
  9544 | D:10     | Reached skill level 5 in Invocations
  9577 | D:10     | Got a dazzling war axe
  9578 | D:10     | Identified the cursed +3 war axe of Fear {speed, +Rage MR+}
                  | (You found it on level 10 of the Dungeon)
  9712 | D:10     | Found Ifao's Lightly-Used Armoury.
  9799 | D:10     | Reached XP level 11. HP: 58/67 MP: 15/15
 10141 | D:10     | Reached *** piety under Qazlal
 11024 | D:11     | Got a crystal flail
 11025 | D:11     | Identified the cursed +1 flail "Duuxteaf" {crush, Dex+3}
                  | (You found it on level 11 of the Dungeon)
 11029 | D:11     | Found a staircase to the Lair.
 11309 | Lair:1   | Entered Level 1 of the Lair of Beasts
 11396 | Lair:1   | Found a frozen archway.
 11400 | Lair:1   | Slain by an ice devil

Levels and vault maps discovered:
D:1:      ncdulo_wetmaze, layout_loops_cross, moated_statue
D:2:      layout_loops_ring, uniq_sigmund, uniq_terence
D:3:      layout_basic
D:4:      layout_loops_cross, lemuel_round_altar, first_ration, uniq_ijyb,
          uniq_blork_the_orc, uniq_grinder
D:5:      layout_loops_corners, marbit_many_paths, serial_shops, shop
D:6:      layout_basic, hangedman_decor_peaks_small
D:7:      kennysheep_slugbush, layout_basic, dancing_weapons_uskayaw,
          minmay_temple_entry_purple_smoke
D:8:      layout_loops_cross, grunt_dithmenos_smoke_and_mirrors, basic_altar
D:9:      layout_loops_cross, nicolae_gozag_seed_capital, kennysheep_mini_moat,
          hangedman_fish_farm, hex_tiny
D:10:     layout_basic, minmay_shop_damaged, columned_hall_lemuel, minivault_11,
          nemelex_xobeh_ov_fountains_minmay
D:11:     layout_rooms, minmay_lair_entry_grove
Temple:   regret_index_temple_sphere_string
Lair:1:   layout_chaotic_city, portal_ice_cave_demonic_guard

Skill      XL: |  1  2  3  4  5  6  7  8  9 10 11 |
---------------+----------------------------------+-----
Maces & Flails | 3 5 6 7 8 9 10 | 10.2
Fighting       | 4 5 7 |  7.7
Armour         | 4 5 7 |  7.6
Shields        | 4 5 7 |  7.6
Evocations     | 6 7 |  7.0
Invocations    | 5 8 |  8.7

Action                   |  1- 3 |  4- 6 |  7- 9 | 10-12 || total
-------------------------+-------+-------+-------+-------++-------
Melee: Flail             |   103 |   113 |   505 |    33 ||   754
       Morningstar       |       |       |    24 |   527 ||   551
Evoke: Wand              |       |     1 |       |     1 ||     2
  Use: Potion            |     2 |     5 |     3 |     3 ||    13
       Scroll            |       |    11 |     8 |     9 ||    28
  Eat: Ration            |       |     1 |       |       ||     1
       Chunk             |       |     3 |    16 |    15 ||    34
Armor: Scale mail        |    37 |    62 |    94 |       ||   193
       Skin              |       |     1 |       |       ||     1
       Plate armour      |       |       |   104 |   405 ||   509
       Chain mail        |       |       |    10 |       ||    10
Dodge: Dodged            |    40 |    34 |   104 |   107 ||   285
Block: Shield            |    53 |    48 |   329 |   546 ||   976
       Reflection        |       |       |    16 |    12 ||    28

Table legend:
 A = Non-vault XP
 B = Vault XP
 C = Vault XP percentage of total XP
 D = Non-vault monster count
 E = Vault monster count
 F = Vault count percentage of total count
                 A         B        C        D         E       F
            +---------+---------+-------+---------+---------+-------
      Total |   13792 |    2979 |  17.8 |     251 |      31 |  11.0
            +---------+---------+-------+---------+---------+-------
        D:1 |      35 |       0 |   0.0 |      23 |       0 |   0.0
        D:2 |      37 |     248 |  87.0 |       7 |       2 |  22.2
        D:3 |     163 |       0 |   0.0 |      18 |       0 |   0.0
        D:4 |     470 |     413 |  46.8 |      15 |       3 |  16.7
        D:5 |     735 |       3 |   0.4 |      22 |       1 |   4.3
        D:6 |     734 |       0 |   0.0 |      26 |       0 |   0.0
        D:7 |    1429 |      43 |   2.9 |      30 |      11 |  26.8
        D:8 |    1741 |       0 |   0.0 |      36 |       0 |   0.0
        D:9 |     778 |     286 |  26.9 |      12 |       1 |   7.7
       D:10 |    4908 |    1187 |  19.5 |      37 |       7 |  15.9
       D:11 |    1536 |     799 |  34.2 |      20 |       6 |  23.1
     Lair:1 |    1226 |       0 |   0.0 |       5 |       0 |   0.0
            +---------+---------+-------+---------+---------+-------
